AoeStats
← maimadana

Arabia

509070184Analyzed
1v1 RM · 8d ago on Sep 25, 2026· 55m 31s· 2 players
Game mode
Random Map
Map size
Tiny (2 player)
Population
200
Speed
Normal
Resources
Standard
Victory
Conquest
Starting age
Dark Age
Ending age
Imperial Age
RankedLock teamsTeams togetherTeam positionsShared explorationLock speedFull tech treeHidden civsTurbo modeCheats
Victory
Defeat
🇨🇿 Turks · Czechia
747
+35
🇹🇷 Portuguese · Türkiye
741
-16
mahmutsaitarslan
4:04 Loom
10:33 Feudal Age
11:13 Double-Bit Axe
14:01 Wheelbarrow
15:49 Gold Mining
22:08 Castle Age
20:34 Horse Collar
22:12 Scale Mail Armor
22:25 Forging
22:21 Elite Skirmisher
25:02 Town Watch
26:16 Town Patrol
27:42 Chain Mail Armor
28:18 Pikeman
40:26 Bow Saw
46:49 Imperial Age
48:15 Stone Mining
49:42 Hand Cart
50:36 Stone Shaft Mining
50:15 Halberdier
51:32 Fletching
53:28 Conscription
56:03 Padded Archer Armor
maimadana
3:20 Loom
10:09 Feudal Age
10:48 Horse Collar
10:54 Double-Bit Axe
20:42 Forging
20:37 Scale Barding Armor
23:27 Castle Age
25:10 Gold Mining
26:15 Iron Casting
27:38 Scale Mail Armor
33:20 Chain Barding Armor
34:03 Bow Saw
33:55 Heavy Plow
34:14 Fletching
34:24 Padded Archer Armor
36:13 Ballistics
35:26 Crossbowman
44:08 Imperial Age
42:18 Gold Shaft Mining
42:26 Thumb Ring
44:44 Husbandry
44:54 Bloodlines
51:08 Blast Furnace
52:07 Cavalier
Connection lost

Rejoining the realm…

Still unreachable

The connection could not be restored.

Session expired

The server has moved on; the page needs a fresh start.